 Dungeon Crawl Stone Soup version 0.28-a0-863-g8cecda6153 (webtiles) character file.

Game seed: 70709414795313623

201901 Ijustatesigmund the Warrior (level 18, -6/157 HPs)
             Began as a Demonspawn Fighter on Nov 19, 2021.
             Was the Champion of Cheibriados.
             Mangled by a sixfirhy (9 damage)
             ... summoned by the player character
             ... on level 4 of the Shoals.
             The game lasted 01:20:20 (29291 turns).

Ijustatesigmund the Warrior (Demonspawn Fighter)   Turns: 29291, Time: 01:20:21

Health: -6/157     AC: 25    Str: 39    XL:     18   Next: 31%
Magic:  20/27      EV: 13    Int: 34    God:    Cheibriados [******]
Gold:   2238       SH: 21    Dex: 36    Spells: 12/17 levels left

rFire   + + .      SeeInvis +   a - +14 obsidian axe {vorpal, Mesm Drain Fly SInv}
rCold   + . .      Faith    .   c - +1 kite shield {reflect}
rNeg    . . .      Spirit   .   S - +5 gold dragon scales of the Jackalope {rPois rF+ rC+ Dex+3}
rPois   +          Reflect  +   (helmet unavailable)
rElec   .          Harm     .   (cloak unavailable)
rCorr   .          Rampage  .   (gloves unavailable)
Will    +....                   K - +1 pair of boots
Stlth   ..........              j - amulet of reflection
HPRegen 1.36/turn               O - ring of Twilight {Str+6 Dex+4}
MPRegen 0.40/turn               U - ring "Qihoxiel" {+Blink Int+6}

@: flying, mesmerised, very slow
A: horns 3, powered by death 2, magic regeneration, weakness stinger 3, demonic
touch 3, dopey 1, fire resistance 1, low mp 1
a: Renounce Religion, Evoke Blink, Bend Time, Temporal Distortion, Slouch, Step
From Time


You were on level 4 of the Shoals.
You worshipped Cheibriados.
Cheibriados was exalted by your worship.
You visited 5 branches of the dungeon, and saw 28 of its levels.
You also visited: Ice Cave.

You collected 3716 gold pieces.
You spent 1478 gold pieces at shops.

Inventory:

Hand Weapons
 a - the +14 obsidian axe (weapon) {vorpal, Mesm Drain Fly SInv}
   (You acquired it on level 8 of the Dungeon)

   It inflicts extra damage upon your enemies.
   It occasionally summons demons to assist the wielder when it strikes in
   combat.
   Its wielder is mesmerised by any visible foes.
   It cannot be unequipped while any foes are visible.
   SInv:      It lets you see invisible.
   Fly:       It grants you flight.
   Drain:     It drains your maximum health when unequipped.
 v - a +0 broad axe
Missiles
 F - 2 throwing nets (quivered)
Armour
 b - the +8 chain mail of Uskayaw's Generosity {Slay+3 Stlth+}
   (You found it on level 14 of the Dungeon)

   Slay:      It affects your accuracy & damage with ranged weapons and melee
   (+3).
   Stlth:     It makes you more stealthy.
 c - a +1 kite shield of reflection (worn)
 t - a +1 crystal plate armour of cold resistance
 z - a +2 pair of gloves of dexterity
 K - a +1 pair of boots (worn)
 S - the +5 gold dragon scales of the Jackalope (worn) {rPois rF+ rC+ Dex+3}
   (You found it on level 2 of the Shoals)

   Dex:       It affects your dexterity (+3).
   rF:        It protects you from fire.
   rC:        It protects you from cold.
   rPois:     It protects you from poison.
Jewellery
 f - a ring of protection from fire
 g - a ring of protection from cold
 j - an amulet of reflection (around neck)
 n - a ring of fire
 o - a ring of see invisible
 q - the amulet "Qal Vuv" {Faith Drain rElec rPois Stlth+}
   (You found it on level 4 of the Dungeon)

   [amulet of faith]

   It allows you to gain divine favour quickly.
   rElec:     It insulates you from electricity.
   rPois:     It protects you from poison.
   Drain:     It drains your maximum health when unequipped.
   Stlth:     It makes you more stealthy.
 r - a +4 ring of protection
 w - a ring of ice
 x - a ring of poison resistance
 O - the ring of Twilight (left hand) {Str+6 Dex+4}
   (You found it on level 14 of the Dungeon)

   [ring of strength]

   Str:       It affects your strength (+6).
   Dex:       It affects your dexterity (+4).
 U - the ring "Qihoxiel" (right hand) {+Blink Int+6}
   (You found it on level 15 of the Dungeon)

   [ring of intelligence]

   Int:       It affects your intelligence (+6).
   +Blink:    It lets you blink.
Wands
 h - a wand of digging (2)
 s - a wand of iceblast (36)
 A - a wand of flame (63)
 I - a wand of acid (2)
 P - a wand of polymorph (10)
 T - a wand of paralysis (5)
Scrolls
 k - 5 scrolls of fog
 l - 3 scrolls of magic mapping
 y - 13 scrolls of identify
 B - 17 scrolls of teleportation
 C - 2 scrolls of fear
 E - 2 scrolls of silence
 H - 3 scrolls of blinking
 J - a scroll of summoning
 L - 4 scrolls of amnesia
 R - 6 scrolls of enchant weapon
Potions
 d - 9 potions of curing
 e - 8 potions of flight
 i - 3 potions of brilliance
 m - 8 potions of heal wounds
 p - 3 potions of mutation
 u - 3 potions of attraction
 D - 3 potions of cancellation
 G - 3 potions of lignification
 Q - a potion of magic
 V - 6 potions of might
 W - a potion of invisibility
 X - 2 potions of berserk rage
Miscellaneous
 M - a phantom mirror
 N - a phantom mirror


   Skills:
 - Level 18.2 Fighting
 + Level 14.8 Axes
 - Level 11.6 Armour
 - Level 6.6 Dodging
 - Level 7.7 Shields
 + Level 3.6 Necromancy
 + Level 3.0 Earth Magic
 - Level 17.0 Invocations
 - Level 6.8 Evocations


You had 12 spell levels left.
You knew the following spells:

 Your Spells              Type           Power      Damage    Failure   Level
a - Borgnjor's Vile Clut  Necr/Erth      11%        N/A       100%        5

Your spell library contained the following spells:

 Spells                   Type           Power      Damage    Failure   Level
 Corpse Rot               Necr/Air       24%        N/A       83%         2
 Beastly Appendage        Tmut           0%         N/A       91%         1
 Foxfire                  Conj/Fire      0%         2x1d4     91%         1
 Freeze                   Ice            0%         1d3       91%         1
 Ensorcelled Hibernation  Hex/Ice        0%         N/A       97%         2
 Frozen Ramparts          Ice            0%         1d2       99%         3
 Gell's Gravitas          Tloc           0%         N/A       99%         3
 Portal Projectile        Hex/Tloc       0%         N/A       99%         3
 Spider Form              Tmut/Pois      0%         N/A       99%         3
 Teleport Other           Tloc           0%         N/A       99%         3
 Tukima's Dance           Hex            0%         N/A       99%         3
 Animate Dead             Necr           12%        N/A       99%         4
 Hailstorm                Conj/Ice       0%         3d3       100%        4
 Ice Form                 Ice/Tmut       0%         N/A       100%        4
 Leda's Liquefaction      Hex/Erth       5%         N/A       100%        4
 Passage of Golubria      Tloc           0%         N/A       100%        4
 Blade Hands              Tmut           0%         N/A       100%        5
 Excruciating Wounds      Necr           12%        N/A       100%        5
 Fireball                 Conj/Fire      0%         3d3       100%        5
 Freezing Cloud           Conj/Ice/Air   0%         6-21      100%        5
 Iskenderun's Battlesphe  Conj           0%         2d6       100%        5
 Lee's Rapid Deconstruct  Erth           10%        3d9*      100%        5
 Silence                  Hex/Air        0%         N/A       100%        5
 Conjure Ball Lightning   Conj/Air       0%         3x3d6     100%        6
 Death Channel            Necr           12%        N/A       100%        6
 Dispersal                Tloc           0%         N/A       100%        6
 Eringya's Noxious Bog    Tmut/Pois      0%         N/A       100%        6
 Simulacrum               Ice/Necr       6%         N/A       100%        6
 Starburst                Conj/Fire      0%         6d3       100%        6
 Statue Form              Tmut/Erth      6%         N/A       100%        6
 Orb of Destruction       Conj           0%         N/A       100%        7
 Ignition                 Fire           0%         3d3       100%        8
 Lehudib's Crystal Spear  Conj/Erth      5%         10d3      100%        8
 Necromutation            Tmut/Necr      6%         N/A       100%        8
 Polar Vortex             Ice            0%         N/A       100%        9


Dungeon Overview and Level Annotations

Branches:
Dungeon (15/15)            Temple (1/1) D:6            Lair (6/6) D:10
 Shoals (4/4) Lair:2        Snake (0/4) Lair:3        Slime (0/5) Lair:5
    Orc (2/2) D:9             Elf (0/3) Orc:2        Vaults (0/5) D:14
 Depths (0/4) D:15          IceCv (visited)

Altars:
Cheibriados
Qazlal
Trog
Yredelemnul
Zin
The Shining One
Beogh

Shops:
D:13 ?:   D:15 (   Orc:2 ![??[   Shoals:2 [


Innate Abilities, Weirdness & Mutations

You have a pair of large horns on your head.
You regenerate health from kills.
You regenerate magic rapidly.
You have a sharp stinger which inflicts weakening toxins.
Your touch may irresistibly damage your foes and sap their willpower.
You are dopey. (Int -2)
Your flesh is heat resistant. (rF+)
Your magical capacity is low. (-10% MP)


Message History

Cheibriados rebukes the merfolk aquamancer.
The merfolk aquamancer seems to slow down.
The merfolk javelineer resists with some effort.
Visions of slaying the merfolk javelineer flood into your mind.
The merfolk javelineer throws a silver javelin.
The silver javelin closely misses you. You block the snapping turtle's attack.
The merfolk barely misses you.
The merfolk aquamancer hits you but does no damage.
You block the sea snake's attack.
You slash the faun!
You kill the faun!
Cheibriados appreciates the change of pace.
You slice the merfolk javelineer!! You slice the merfolk aquamancer!!
You slash the sea snake! You open a gate to Pandemonium!
A demon appears!
It doesn't seem very happy.
Visions of slaying the sea snake flood into your mind.
The merfolk javelineer throws a silver javelin.
The silver javelin pierces through you!
* * * LOW HITPOINT WARNING * * *
The silver sears you!
* * * LOW HITPOINT WARNING * * *
You block the snapping turtle's attack.
The merfolk throws a boomerang.
You reflect the boomerang off your +1 kite shield of reflection!
The boomerang hits the merfolk.
You block the merfolk siren's attack.
You feel much better.
You feel your willpower return. The sixfirhy hits you!
* * * LOW HITPOINT WARNING * * *
The sixfirhy shocks you!
* * * LOW HITPOINT WARNING * * *
You block the sixfirhy's attack.
A water elemental comes into view.
The merfolk javelineer throws a silver javelin.
The silver javelin pierces through you!!
* * * LOW HITPOINT WARNING * * *
The silver sears you!
* * * LOW HITPOINT WARNING * * *
You block the sea snake's attack. You block the snapping turtle's attack.
The sixfirhy hits you!
You die...

P#...P..........
P.....P..........
P.......P........
...:....P....)≈≈≈
.....P.P....≈≈≈≈
......t......≈≈≈ ...
#....3m...≈≈≈ ...#
###..m)@.m..≈≈≈
≈≈≈≈##P##≈..Sm...≈≈≈
≈≈≈≈≈≈≈≈≈≈≈†....≈≈≈≈
≈≈≈≈≈≈≈≈≈≈≈≈..≈≈≈≈≈≈
≈≈≈≈≈≈≈≈≈≈≈≈≈≈≈H≈≈≈≈
≈≈≈≈≈≈≈≈≈≈≈≈≈≈≈≈≈≈≈≈
≈≈≈≈≈≈≈≈≈≈≈≈≈≈≈≈≈≈≈≈
≈≈≈≈≈≈≈≈≈≈≈≈≈≈≈≈E≈≈≈
≈≈≈≈≈≈≈≈≈≈≈≈≈≈≈≈≈≈≈≈


You could see a merfolk javelineer, a sea snake (mesmerising, slow), a merfolk
aquamancer (slow), a snapping turtle, a merfolk, a manticore, a water elemental
(wandering), a merfolk siren and a sixfirhy (summoned).

Vanquished Creatures
  Roxanne (D:15)
  The ghost of Bankemomn the Destroyer, a journeyman NaIE of Cheibriados (D:15)
  A very ugly thing (D:9)
  2 blizzard demons (IceCv)
  3 merfolk javelineers
  A fire dragon (Lair:6)
  A merfolk impaler (Shoals:2)
  Harold (D:9)
  8 boulder beetles
  13 hydras
  2 catoblepae (D:14)
  13 centaur warriors
  A caustic shrike simulacrum (IceCv)
  2 merfolk aquamancers (Shoals:2)
  4 merfolk avatars
  2 satyrs
  9 two-headed ogres
  2 tengu warriors
  4 orc high priests
  8 skeletal warriors
  4 sea snakes
  A flayed ghost (D:14)
  An obsidian statue (IceCv)
  2 wizards (D:15)
  2 deep elf pyromancers
  6 harpies
  4 orc knights (Orc:2)
  6 ugly things
  2 necromancers
  6 orc sorcerers
  11 fauns
  11 cyclopes
  12 manticores
  5 merfolk sirens
  A guardian serpent (Lair:3)
  12 black mambas
  10 elephants
  Maurice (D:11)
  A naga mage (D:15)
  3 water nymphs
  A gargoyle (D:14)
  An unseen horror (D:11)
  14 cane toads
  11 rime drakes
  5 freezing wraiths
  An anaconda simulacrum (IceCv)
  A golden dragon simulacrum (IceCv)
  7 entropy weaver simulacra (IceCv)
  9 komodo dragons
  5 efreet
  4 yaktaurs
  6 ice devils (IceCv)
  A polar bear (shapeshifter) (D:14)
  8 trolls
  11 merfolk
  A meliai (D:13)
  3 wind drakes
  A polar bear (Lair:6)
  6 hornets
  4 snapping turtles
  10 slime creatures
  18 blink frogs
  The ghost of FDRCH the Changer, an amateur OpTm (D:3)
  10 dream sheep
  2 shadows
  4 spriggan simulacra (IceCv)
  41 yaks
  12 spriggans (Lair:6)
  3 wraiths
  Sigmund (D:5)
  3 dire elephant simulacra (IceCv)
  3 centaur simulacra
  8 humans (D:14)
  A vampire (D:13)
  7 water elementals
  4 wyverns
  5 basilisks
  5 neqoxecs (D:15)
  14 vampire mosquitoes
  7 minotaur simulacra (IceCv)
  7 steam dragons
  A harpy simulacrum (IceCv)
  5 wargs
  2 acid dragons
  A hydra simulacrum (IceCv)
  9 water moccasins
  6 black bears
  2 sky beasts
  An ice beast (D:3)
  16 orc warriors
  5 ogres
  3 alligator simulacra (IceCv)
  An ettin simulacrum (IceCv)
  42 wolves
  8 boggarts
  8 centaurs
  Blork the orc (D:4)
  4 kobold brigands
  9 bullfrogs
  3 gnoll sergeants
  A scorpion (Lair:2)
  9 deep troll simulacra (IceCv)
  2 lindwurm simulacra (IceCv)
  A water moccasin skeleton (D:5)
  20 killer bees
  3 howler monkeys
  4 electric eels
  6 centaur zombies
  A quasit (D:15)
  5 hounds
  12 orc priests
  2 centaur skeletons
  2 iguanas (D:6)
  A jelly (Lair:5)
  2 bullfrog skeletons
  A gnoll shaman (D:5)
  16 orc wizards
  A scorpion simulacrum (D:3)
  2 hound skeletons (D:4)
  15 gnolls
  3 adders
  2 hound simulacra (D:3)
  A shadow imp (D:6)
  An adder skeleton (D:4)
  2 worms
  An adder simulacrum (D:3)
  58 orcs
  7 ball pythons
  6 bats
  4 endoplasms (D:1)
  A giant cockroach (D:1)
  8 goblins
  7 hobgoblins
  7 jackals (D:1)
  2 quokkas
  A frilled lizard (D:1)
  18 kobolds
  7 rats
  A bush (Shoals:2)
816 creatures vanquished.

Vanquished Creatures (collateral kills)
  Mlioglotl (Shoals:3)
  A merfolk javelineer (Shoals:1)
  3 hydras
  A boulder beetle (D:11)
  2 vault guards (D:14)
  3 death yaks (Lair:5)
  A bog body (IceCv)
  2 sea snakes (Shoals:2)
  A lindwurm (Lair:4)
  2 harpies (Shoals:3)
  An ugly thing (D:14)
  An elephant (Lair:5)
  A merfolk siren (Shoals:1)
  A cane toad (Lair:6)
  5 rime drakes (Lair:6)
  A komodo dragon (Lair:6)
  A freezing wraith (IceCv)
  2 anaconda simulacra (IceCv)
  A wind drake (Shoals:3)
  A hornet (Lair:6)
  A polar bear (Lair:4)
  2 snapping turtles (Shoals:3)
  6 slime creatures
  12 blink frogs
  A dream sheep (Lair:6)
  3 spriggans (Lair:6)
  8 yaks
  2 humans (D:14)
  2 steam dragons (Lair:6)
  2 water moccasins
  3 orc warriors
  A black bear (Lair:6)
  An ogre (Orc:2)
  A boggart (Lair:6)
  6 wolves
  2 quasits (D:15)
  5 orc priests
  2 orc wizards
  2 orcs (Orc:1)
94 creatures vanquished.

Vanquished Creatures (others)
  A manticore (Shoals:3)
  A centaur (D:9)
  A hornet simulacrum (D:14)
  An orc wizard (Orc:2)
  41 fungi
  186 plants
231 creatures vanquished.

Grand Total: 1141 creatures vanquished

Notes
Turn   | Place    | Note
-------+----------+-------------------------------------------
     0 | D:1      | Ijustatesigmund the Demonspawn Fighter began the quest for
                  | the Orb.
     0 | D:1      | Reached XP level 1. HP: 18/18 MP: 1/1
    78 | D:1      | Discovered your monstrous ancestry.
    78 | D:1      | Gained mutation: You have a pair of small horns on your
                  | head. [demonic ancestry]
    78 | D:1      | Reached XP level 2. HP: 21/24 MP: 2/2
   804 | D:1      | Reached XP level 3. HP: 29/29 MP: 3/3
  1962 | D:3      | Reached skill level 4 in Fighting
  1974 | D:3      | Reached XP level 4. HP: 31/37 MP: 4/4
  2346 | D:4      | Gained mutation: You regenerate magic rapidly. [demonic
                  | ancestry]
  2346 | D:4      | Reached XP level 5. HP: 43/43 MP: 5/5
  2481 | D:3      | Noticed an ice beast
  2497 | D:3      | Killed an ice beast
  2498 | D:3      | Reached skill level 5 in Fighting
  2699 | D:3      | Gained mutation: You have a pair of horns on your head.
                  | [demonic ancestry]
  2699 | D:3      | Reached XP level 6. HP: 51/51 MP: 6/6
  3214 | D:3      | Noticed FDRCH's ghost (amateur OpTm)
  3239 | D:3      | Found a runed translucent gate.
  3239 | D:3      | Found a runed translucent gate.
  3239 | D:3      | Found a runed translucent gate.
  3387 | D:3      | Killed FDRCH's ghost
  3388 | D:3      | Reached skill level 6 in Fighting
  3388 | D:3      | Reached skill level 5 in Axes
  3388 | D:3      | Gained mutation: You have a pair of large horns on your
                  | head. [demonic ancestry]
  3388 | D:3      | Reached XP level 7. HP: 45/58 MP: 7/7
  3871 | D:4      | Identified the amulet "Qal Vuv" {Faith Drain rElec rPois
                  | Stlth+}
  4232 | D:4      | Noticed Blork the orc
  4244 | D:4      | Killed Blork the orc
  5060 | D:5      | Entered Level 5 of the Dungeon
  5067 | D:5      | Noticed Sigmund
  5077 | D:5      | Killed Sigmund
  5078 | D:5      | Reached skill level 7 in Fighting
  5150 | D:5      | Gained mutation: You have a small tail. [demonic ancestry]
  5150 | D:5      | Reached XP level 8. HP: 67/67 MP: 8/8
  5546 | D:5      | Reached skill level 1 in Dodging
  6237 | D:6      | Found a staircase to the Ecumenical Temple.
  6254 | Temple   | Entered the Ecumenical Temple
  6261 | Temple   | Became a worshipper of Cheibriados the Contemplative
  6733 | D:7      | Reached skill level 1 in Invocations
  6856 | D:7      | Reached skill level 8 in Fighting
  6913 | D:7      | Gained mutation: Your touch may inflict minor irresistible
                  | damage on your foes. [demonic ancestry]
  6913 | D:7      | Reached XP level 9. HP: 47/74 MP: 10/10
  7109 | D:7      | Reached * piety under Cheibriados
  7678 | D:8      | Noticed a two-headed ogre
  7684 | D:8      | Killed a two-headed ogre
  7685 | D:8      | Reached skill level 5 in Armour
  8038 | D:8      | Noticed Harold
  8051 | D:9      | Killed Harold
  8052 | D:9      | Reached skill level 5 in Invocations
  8052 | D:9      | Gained mutation: You regenerate a little health from kills.
                  | [demonic ancestry]
  8052 | D:9      | Reached XP level 10. HP: 79/82 MP: 12/14
  8444 | D:8      | Reached skill level 9 in Fighting
  8900 | D:9      | Noticed a deep elf pyromancer
  8900 | D:9      | Noticed a cyclops
  8900 | D:9      | Noticed a two-headed ogre
  8900 | D:9      | Noticed a purple ugly thing
  9245 | D:9      | Noticed an orc high priest
  9246 | D:9      | Identified the +6 chain mail of the Orb {rN++}
  9250 | D:9      | Noticed a rust devil
  9253 | D:9      | Noticed a smoke demon
  9259 | D:8      | Killed an orc high priest
  9259 | D:8      | Reached ** piety under Cheibriados
  9260 | D:8      | Reached skill level 5 in Dodging
  9446 | D:9      | Noticed a centaur warrior
  9485 | D:9      | Killed a centaur warrior
  9850 | D:9      | Found a staircase to the Orcish Mines.
  9862 | D:9      | Noticed a purple very ugly thing
  9878 | D:9      | Killed a white ugly thing
  9886 | D:9      | Killed a purple very ugly thing
  9887 | D:9      | Reached XP level 11. HP: 69/90 MP: 16/16
  9989 | D:9      | Noticed a centaur warrior
  9995 | D:9      | Killed a centaur warrior
 10021 | D:9      | Killed a two-headed ogre
 10022 | D:9      | Reached skill level 10 in Fighting
 10112 | D:9      | Noticed a boulder beetle
 10125 | D:9      | Killed a boulder beetle
 10275 | D:9      | Noticed a two-headed ogre
 10280 | D:9      | Killed a two-headed ogre
 10342 | D:9      | Killed a deep elf pyromancer
 10449 | D:9      | Noticed a two-headed ogre
 10452 | D:9      | Killed a two-headed ogre
 10452 | D:9      | Reached *** piety under Cheibriados
 10764 | D:9      | Identified the +2 dagger of the Solstice {vamp, rElec rF+}
 10788 | D:9      | Noticed a two-headed ogre
 10792 | D:9      | Noticed a boulder beetle
 10794 | D:9      | Killed a two-headed ogre
 10821 | D:9      | Killed a boulder beetle
 11020 | D:9      | Got the Reference Book on Scorching Envenoming
 11421 | D:9      | Identified a scroll of acquirement
 11582 | D:10     | Entered Level 10 of the Dungeon
 11698 | D:9      | Reached skill level 1 in Evocations
 11703 | D:9      | Reached XP level 12. HP: 71/99 MP: 17/19
 11706 | D:9      | Reached skill level 11 in Fighting
 11709 | D:9      | Reached skill level 10 in Invocations
 11956 | D:8      | Acquired the +14 obsidian axe {vorpal, Mesm Drain Fly SInv}
 11956 | D:8      | Found the +14 obsidian axe {vorpal, Mesm Drain Fly SInv}
 11981 | D:9      | Reached skill level 10 in Axes
 12183 | D:10     | Reached **** piety under Cheibriados
 12469 | D:10     | Found a staircase to the Lair.
 12581 | D:11     | Noticed a two-headed ogre
 12585 | D:11     | Killed a two-headed ogre
 12590 | D:11     | Noticed a two-headed ogre
 12594 | D:11     | Killed a two-headed ogre
 12680 | D:11     | Noticed a boulder beetle
 12688 | D:11     | Killed a boulder beetle
 12769 | D:11     | Noticed a centaur warrior
 12769 | D:11     | Noticed a tengu warrior
 12774 | D:11     | Killed a tengu warrior
 12776 | D:11     | Killed a centaur warrior
 12776 | D:11     | Reached ***** piety under Cheibriados
 12897 | D:11     | Reached skill level 5 in Evocations
 13221 | D:11     | Reached skill level 12 in Fighting
 13293 | D:11     | Noticed Maurice
 13307 | D:11     | Killed Maurice
 13681 | D:12     | Noticed a centaur warrior
 13688 | D:12     | Killed a centaur warrior
 13867 | D:12     | Gained mutation: Your touch may inflict irresistible damage
                  | on your foes. [demonic ancestry]
 13867 | D:12     | Reached XP level 13. HP: 97/108 MP: 22/22
 14695 | D:13     | Found Baog's Book Shoppe.
 14963 | D:13     | Reached skill level 5 in Shields
 15312 | D:13     | Found Terimid's Magic Scroll Shop.
 15322 | D:13     | Bought a scroll of magic mapping for 49 gold pieces
 15322 | D:13     | Bought a scroll of teleportation for 42 gold pieces
 15322 | D:13     | Bought a scroll of fear for 49 gold pieces
 15322 | D:13     | Bought a scroll of teleportation for 42 gold pieces
 15644 | D:14     | Reached ****** piety under Cheibriados
 15664 | D:14     | Reached skill level 13 in Fighting
 15731 | D:14     | Identified the ring of Twilight {Str+6 Dex+4}
 15754 | D:14     | Identified the +8 chain mail of Uskayaw's Generosity
                  | {Slay+3 Stlth+}
 15770 | D:14     | Identified the +0 ring mail of Boredom {rC- Dex+2 Stlth+}
 15781 | D:14     | Gained mutation: You have a tail ending in a sharp stinger.
                  | [demonic ancestry]
 15781 | D:14     | Reached XP level 14. HP: 113/118 MP: 24/24
 15947 | D:14     | Found a gate to the Vaults.
 16164 | D:14     | Found a snail-covered altar of Cheibriados.
 16743 | D:15     | Entered Level 15 of the Dungeon
 16743 | D:15     | Found Vues's Weapon Shop.
 16754 | D:15     | Identified Roxanne's Collected Works on Transformation
 16754 | D:15     | Noticed Roxanne
 16765 | D:15     | Killed Roxanne
 17195 | D:15     | Paralysed by an orc sorcerer for 2 turns
 17258 | D:15     | Found a staircase to the Depths.
 17520 | D:15     | Found a transporter.
 17524 | D:15     | Found a transporter.
 17528 | D:15     | Noticed Bankemomn's ghost (journeyman NaIE)
 18091 | D:15     | Gained mutation: You are clumsy. (Dex -2) [a neqoxec]
 18092 | D:15     | Gained mutation: You are frail. (-10% HP) [a neqoxec]
 18092 | D:15     | Gained mutation: Your body sometimes deteriorates upon
                  | taking damage. [a neqoxec]
 18097 | D:15     | Identified the ring "Qihoxiel" {+Blink Int+6}
 18101 | D:15     | Killed Bankemomn's ghost
 18352 | Orc:1    | Entered Level 1 of the Orcish Mines
 18788 | Orc:2    | Entered Level 2 of the Orcish Mines
 18968 | Orc:2    | Reached skill level 14 in Fighting
 18971 | Orc:2    | Gained mutation: You have a sharp stinger which inflicts
                  | weakening toxins. [demonic ancestry]
 18971 | Orc:2    | Reached XP level 15. HP: 113/113 MP: 26/26
 18985 | Orc:2    | Paralysed by an orc sorcerer for 6 turns
 19022 | Orc:2    | Found Guqouviw's Distillery.
 19028 | Orc:2    | Bought a potion of invisibility for 88 gold pieces
 19028 | Orc:2    | Bought a potion of heal wounds for 55 gold pieces
 19028 | Orc:2    | Bought a potion of mutation for 88 gold pieces
 19028 | Orc:2    | Bought a potion of berserk rage for 55 gold pieces
 19028 | Orc:2    | Lost mutation: You are frail. (-10% HP) [potion of
                  | mutation]
 19028 | Orc:2    | Gained mutation: Your body often deteriorates upon taking
                  | damage. [potion of mutation]
 19028 | Orc:2    | Gained mutation: Your magical capacity is low. (-10% MP)
                  | [potion of mutation]
 19031 | Orc:2    | Lost mutation: Your body often deteriorates upon taking
                  | damage. [potion of mutation]
 19031 | Orc:2    | Lost mutation: Your body sometimes deteriorates upon taking
                  | damage. [potion of mutation]
 19031 | Orc:2    | Lost mutation: You are clumsy. (Dex -2) [potion of
                  | mutation]
 19031 | Orc:2    | Gained mutation: You are dopey. (Int -2) [potion of
                  | mutation]
 19031 | Orc:2    | Gained mutation: Your flesh is heat resistant. (rF+)
                  | [potion of mutation]
 19111 | Orc:2    | Found a staircase to the Elven Halls.
 19314 | Orc:2    | Found Zihont's Armour Boutique.
 19314 | Orc:2    | Found Livveh's Magic Scroll Shoppe.
 19316 | Orc:2    | Found Fuasar's Magic Scroll Boutique.
 19316 | Orc:2    | Found Wetwedde's Armour Shoppe.
 19325 | Orc:2    | Bought a scroll of teleportation for 42 gold pieces
 19325 | Orc:2    | Bought a scroll of teleportation for 42 gold pieces
 19325 | Orc:2    | Bought a scroll of teleportation for 42 gold pieces
 19325 | Orc:2    | Bought a scroll of teleportation for 42 gold pieces
 19325 | Orc:2    | Bought a scroll of teleportation for 42 gold pieces
 19328 | Orc:2    | Bought a scroll of teleportation for 36 gold pieces
 19328 | Orc:2    | Bought a scroll of teleportation for 36 gold pieces
 19335 | Orc:2    | Bought a scroll of acquirement for 728 gold pieces
 19335 | Orc:2    | Acquired a +0 kite shield of reflection
 19517 | Lair:1   | Entered Level 1 of the Lair of Beasts
 20284 | Lair:2   | Found a staircase to the Shoals.
 21212 | Lair:3   | Found a staircase to the Snake Pit.
 21483 | Lair:3   | Reached skill level 15 in Fighting
 22705 | Lair:5   | Reached skill level 16 in Fighting
 22724 | Lair:5   | Got Mietedot's Reference Book on Flames and Air
 22805 | Lair:5   | Found a staircase to the Slime Pits.
 23047 | Lair:5   | Found a bloodstained altar of Trog.
 23454 | Lair:6   | Entered Level 6 of the Lair of Beasts
 23473 | Lair:6   | Gained mutation: You regenerate health from kills. [demonic
                  | ancestry]
 23473 | Lair:6   | Reached XP level 16. HP: 138/140 MP: 24/24
 23473 | Lair:6   | Paralysed by a hornet for 1 turns
 23486 | Lair:6   | Reached skill level 17 in Fighting
 23676 | Lair:6   | Reached skill level 18 in Fighting
 24087 | Lair:6   | Reached skill level 10 in Armour
 24099 | Lair:6   | Reached skill level 15 in Invocations
 24691 | Shoals:1 | Entered Level 1 of the Shoals
 25829 | Shoals:2 | Found a frozen archway.
 25850 | IceCv    | Entered an ice cave
 26298 | IceCv    | Gained mutation: Your touch may irresistibly damage your
                  | foes and sap their willpower. [demonic ancestry]
 26298 | IceCv    | Reached XP level 17. HP: 150/150 MP: 26/26
 27085 | Shoals:2 | Reached XP level 18. HP: 88/157 MP: 27/27
 27838 | Shoals:2 | Learned a level 5 spell: Borgnjor's Vile Clutch
 28060 | Shoals:2 | Found Maitoima's Armour Boutique.
 28097 | Shoals:2 | Identified the +5 gold dragon scales of the Jackalope
                  | {rPois rF+ rC+ Dex+3}
 28373 | Shoals:3 | Reached skill level 1 in Necromancy
 28390 | Shoals:3 | Reached skill level 1 in Earth Magic
 28480 | Shoals:3 | Noticed Mlioglotl
 28487 | Shoals:3 | Killed Mlioglotl
 29210 | Shoals:4 | Entered Level 4 of the Shoals
 29291 | Shoals:4 | HP: 3/157 [merfolk javelineer/silver javelin (13)]
 29291 | Shoals:4 | Mangled by a sixfirhy

Illustrated notes

Levels and vault maps discovered:
D:1:      dpeg_arrival_lava_temple_mockup, layout_basic
D:2:      layout_rooms
D:3:      layout_basic, gammafunk_ghost_icy, kennysheep_small_spiral,
          minmay_misc_feat_room, hangedman_decor_clover_reticule
D:4:      layout_layer_cave, st_stairs_14, uniq_blork_the_orc
D:5:      layout_rooms, serial_glass, glass_columns_b, glass_columns_a,
          glass_columns_c, glass_columns_b, glass_columns_b, glass_columns_c,
          kennysheep_dice, uniq_sigmund
D:6:      layout_basic, minmay_temple_entry_ruins
D:7:      layout_cave_pools
D:8:      layout_basic, zin_scriptorium, uniq_harold
D:9:      layout_grid_maze, orc_0_dummy, grunt_ministairs_10,
          nicolae_rejected_hall
D:10:     layout_roguey, david_lair_shrubbed
D:11:     minmay_chambers_of_sevens, layout_basic, uniq_maurice
D:12:     layout_irregular_city
D:13:     layout_loops_cross, serial_shops, nicolae_shop_trees,
          nicolae_shop_statue_plus, minmay_joined_circles
D:14:     minmay_the_grid_square_5x5_4x4_mashed
          [minmay_the_grid_square_5x5_bridge,
          minmay_the_grid_square_5x5_longway, minmay_the_grid_square_5x5_corner,
          minmay_the_grid_square_5x5_hollow_slash,
          minmay_the_grid_square_5x5_lines,
          minmay_the_grid_square_5x5_prize_rear_guard,
          minmay_the_grid_square_5x5_prize_pseudospiral,
          minmay_the_grid_square_5x5_minibox,
          minmay_the_grid_square_5x5_tetrominoes,
          minmay_the_grid_square_5x5_prize_snowflake,
          minmay_the_grid_square_5x5_prize_itemx,
          minmay_the_grid_square_5x5_broken_cross,
          minmay_the_grid_square_5x5_checkered,
          minmay_the_grid_square_5x5_minimal,
          minmay_the_grid_square_5x5_eight_small,
          minmay_the_grid_square_5x5_sharp_hourglass], layout_irregular_city,
          ximxim_vaults_locker_room, grunt_decor_one_mirror, cheibriados_altar_2
D:15:     grunt_enter_depths_magical_seal, layout_loops_ring,
          gammafunk_ghost_stat_death, serial_shops,
          nicolae_shop_bloodbath_and_beyond, uniq_roxanne
Temple:   nicolae_temple_the_god_donut
Lair:1:   layout_misc_corridors
Lair:2:   layout_cave_shapes, elwin_shoals_entry_rooms, pond
Lair:3:   layout_gridlike, minmay_snake_entry_spellcaster
Lair:4:   layout_long_grid, lemuel_fruit_tree, grunt_megastairs_4
Lair:5:   layout_hall_layers, minmay_slime_entry_pillars, basic_altar,
          grunt_megastairs_3, infiniplex_staircase_pool, lemuel_fruit_fields
Lair:6:   minmay_lair_end_enchanted_forest, layout_cave_pods,
          bobbens_dragon_lair_wall
Shoals:1: layout_shoals
Shoals:2: layout_shoals, serial_shops, nicolae_shop_trees,
          portal_ice_cave_entry_frozen_things, yaktaur_hedge
Shoals:3: layout_shoals, uniq_mlioglotl
Shoals:4: shoals_end_grunt_garden, layout_shoals, uniq_kirke
Orc:1:    layout_diamond_mine, basic_altar
Orc:2:    grunt_orc_tribal_feast, layout_diamond_mine, serial_shops,
          nicolae_shop_hallway_plus

Skill      XL: |  1  2  3  4  5  6  7  8  9 10 11 12 13 14 15 16 17 18 |
---------------+-------------------------------------------------------+-----
Axes           | 2 3 4 5 6 7 8 9 10 11 12 13 14 | 14.8
Fighting       | 4 5 6 7 8 9 10 12 13 14 16 18 | 18.2
Armour         | 4 5 6 8 9 11 | 11.6
Dodging        | 2 4 5 6 |  6.6
Invocations    | 2 5 7 9 12 13 14 16 17 | 17.0
Shields        | 4 6 7 |  7.7
Evocations     | 1 5 6 |  6.8
Necromancy     | 3 |  3.6
Earth Magic    | 3 |  3.0

Action                   |  1- 3 |  4- 6 |  7- 9 | 10-12 | 13-15 | 16-18 || total
-------------------------+-------+-------+-------+-------+-------+-------++-------
Melee: War axe           |    99 |    78 |   189 |   190 |       |       ||   556
       Headbutt          |    10 |    18 |    42 |   104 |   173 |   123 ||   470
       Tailslap          |       |       |    20 |    73 |   116 |    73 ||   282
       Broad axe         |       |       |       |   128 |   519 |   414 ||  1061
Throw: Throwing net      |       |       |       |     3 |       |       ||     3
Invok: Bend Time         |       |       |       |     1 |     2 |     1 ||     4
       Slouch            |       |       |       |       |     3 |     1 ||     4
 Abil: Evoke Blink       |       |       |       |       |     2 |       ||     2
Evoke: Wand              |       |       |       |     5 |    13 |     1 ||    19
  Use: Scroll            |     2 |     4 |    17 |     8 |     7 |     5 ||    43
       Potion            |     1 |       |     2 |     5 |     2 |     2 ||    12
 Stab: Invisible         |       |       |       |     2 |       |       ||     2
       Paralysed         |       |       |       |     7 |       |     2 ||     9
       Distracted        |       |       |       |       |    14 |     9 ||    23
Armor: Scale mail        |    46 |       |       |       |       |       ||    46
       Plate armour      |    25 |    33 |    97 |   143 |    85 |       ||   383
       Chain mail        |       |       |       |       |   204 |   159 ||   363
       Gold dragon scale |       |       |       |       |       |    36 ||    36
Dodge: Dodged            |    49 |    12 |    40 |   162 |   228 |   201 ||   692
Block: Buckler           |    25 |    30 |   106 |   231 |    14 |       ||   406
       Reflection        |       |       |       |    24 |    51 |    49 ||   124
       Tower shield      |       |       |       |       |   427 |       ||   427
       Kite shield       |       |       |       |       |   247 |   487 ||   734

Table legend: (Time is in decaauts)
 A = Elapsed time spent in this place.
 B = Non-inter-level travel time spent in this place.
 C = Inter-level travel time spent in this place.
 D = Time resting spent in this place.
 E = Time spent auto-exploring this place.
 F = Levels seen in this place.
 G = Mean time per level.
                   A        B        C        D        E       F      G
               +--------+--------+--------+--------+--------+-----+--------+
         Total |  41457 |  39380 |   2077 |   5132 |  28408 |  29 | 1429.6 |
       Dungeon |  23139 |  22025 |   1114 |   4456 |  14432 |  15 | 1542.6 |
        Temple |     16 |      8 |      8 |      0 |      0 |   1 |   16.0 |
          Lair |   9461 |   8901 |    560 |      0 |   7746 |   6 | 1576.8 |
        Shoals |   5562 |   5321 |    241 |    223 |   4253 |   4 | 1390.5 |
  Orcish Mines |   1912 |   1760 |    152 |      0 |   1342 |   2 |  956.0 |
      Ice Cave |   1365 |   1365 |      0 |    453 |    635 |   1 | 1365.0 |
               +--------+--------+--------+--------+--------+-----+--------+

Top non-repeatable levels by time:
     D:9: 3271 daAuts
     D:8: 2280 daAuts
    D:15: 2171 daAuts
  Lair:6: 2097 daAuts
Shoals:2: 2090 daAuts
    D:14: 1859 daAuts
  Lair:2: 1853 daAuts
Shoals:1: 1742 daAuts
  Lair:3: 1722 daAuts
    D:11: 1666 daAuts
Shoals:3: 1624 daAuts
     D:4: 1601 daAuts
     D:3: 1593 daAuts
    D:13: 1567 daAuts
     D:1: 1541 daAuts
